 Dungeon Crawl Stone Soup version 0.30.0-5-g1a98f26d00 (webtiles) character file.

Game seed: 472181908531619230

336 Lobster4 the Digger (level 6, -3/34 HPs)
             Began as a Deep Elf Earth Elementalist on May 10, 2023.
             Slain by a gnoll
             ... wielding a +0 halberd
              (6 damage)
             ... on level 3 of the Dungeon.
             The game lasted 00:10:31 (3099 turns).

Lobster4 the Digger (Deep Elf Earth Elementalist)   Turns: 3099, Time: 00:10:32

Health: -3/34      AC:  5    Str:  7    XL:     6   Next: 28%
Magic:  12/14      EV: 13    Int: 20    God:
Gold:   124        SH:  0    Dex: 15    Spells: 9/13 levels left

rFire   . . .        i - staff of air
rCold   . . .        (no shield)
rNeg    . . .        a - +0 robe
rPois   .            (no helmet)
rElec   +            r - +2 cloak
rCorr   .            (no gloves)
SInv    .            (no boots)
Will    .....        (no amulet)
Stlth   +++          (no ring)
HPRegen 0.25/turn    (no ring)
MPRegen 0.14/turn

%: no passive effects
@: no status effects
A: no striking features
a: no special abilities


You were on level 3 of the Dungeon.
You visited 1 branch of the dungeon, and saw 4 of its levels.

You collected 124 gold pieces.

Inventory:

Hand Weapons
 c - a +0 short sword
 s - a +0 sling
Armour
 a - a +0 robe (worn)
 r - a +2 cloak (worn)
Magical Staves
 i - a staff of air (weapon)
Scrolls
 f - a scroll of identify {unknown}
 h - a scroll of noise {unknown}
 l - a scroll of fog {unknown}
 o - a scroll of fear
Potions
 b - a potion of magic
 d - 2 potions of brilliance {unknown}
 e - 2 potions of curing {unknown}
 g - a potion of haste {unknown}
 j - a potion of heal wounds {unknown}
 k - a potion of mutation {unknown}
 m - a potion of invisibility {unknown}
 n - 2 potions of might {unknown}
 p - a potion of cancellation {unknown}
 t - a potion of flight {unknown}


   Skills:
 + Level 1.3 Fighting
 - Level 2.0 Short Blades
 + Level 0.3 Staves
 + Level 1.5 Armour
 + Level 3.5 Dodging
 + Level 3.7 Stealth
 + Level 4.0 Spellcasting
 + Level 1.6 Conjurations
 - Level 2.0 Transmutations
 + Level 4.0 Earth Magic


You had 9 spell levels left.
You knew the following spells:

 Your Spells              Type           Power      Damage    Failure   Level
a - Sandblast             Erth           40%        2d10      2%          1
b - Stone Arrow           Conj/Erth      30%        3d8       12%         3

Your spell library contained the following spells:

 Spells                   Type           Power      Damage    Failure   Level
 Passwall                 Tmut/Erth      13%        N/A       5%          2
 Frozen Ramparts          Ice            8%         1d2       36%         3
 Petrify                  Tmut/Erth      16%        N/A       36%         4
 Ice Form                 Ice/Tmut       8%         N/A       63%         4
 Anguish                  Hex/Necr       2%         N/A       77%         4
 Cause Fear               Hex            2%         N/A       77%         4
 Summon Ice Beast         Ice/Summ       4%         N/A       77%         4
 Enfeeble                 Hex            2%         N/A       100%        7


Dungeon Overview and Level Annotations

Branches:
Dungeon (4/15)
 Temple: D:4-7

Altars:

Annotations:
D:3 Sigmund


Message History

There is a stone staircase leading down, spattered with blood here.
You climb downwards.
The gnoll barely misses you. The gnoll hits you with a +0 halberd.
There is a stone staircase leading up, spattered with blood here.
The gnoll misses you. The gnoll barely misses you.
You climb upwards.
Level annotation: Sigmund
There is a stone staircase leading down, spattered with blood here.
Casting: Sandblast (safe; 2% risk of failure)
Confirm with . or Enter, or press ? or * to list all spells.
Aiming: Sandblast (safe; 2% risk of failure)
Press: ? - help, Shift-Dir - straight line, f - gnoll
Aim: a gnoll, wielding a +0 halberd (85% to hit)
The blast of sand hits the gnoll!
The gnoll is severely wounded.
The gnoll hits you with a +0 halberd. The gnoll misses you.
The gnoll hits you with a +0 halberd. The gnoll barely misses you.
The gnoll hits you from afar with a +0 halberd!
The gnoll attacks as you move away! The gnoll misses you.
The gnoll closely misses you.
Casting: Sandblast (safe; 2% risk of failure)
Confirm with . or Enter, or press ? or * to list all spells.
Aiming: Sandblast (safe; 2% risk of failure)
Press: ? - help, Shift-Dir - straight line, f/p - gnoll
Aim: a gnoll, wielding a +0 halberd (heavily wounded, 85% to hit)
The blast of sand hits the gnoll!
The gnoll is almost dead.
The gnoll closely misses you.
Casting: Sandblast (safe; 2% risk of failure)
Confirm with . or Enter, or press ? or * to list all spells.
Aiming: Sandblast (safe; 2% risk of failure)
Press: ? - help, Shift-Dir - straight line, f/p - gnoll
Aim: a gnoll, wielding a +0 halberd (heavily wounded, 85% to hit)
The blast of sand hits the gnoll but does no damage.
The gnoll is almost dead.
The gnoll hits you from afar with a +0 halberd!
* * * LOW HITPOINT WARNING * * *
The gnoll hits you but does no damage.
The gnoll hits you from afar with a +0 halberd.
You die...

#...########## #.#
#.. ###.##
######.###.. #..###
#...##..##.. ##...#
#...###..... ###.#
#...#####... #.#
#(.......... #.#
#.....####..
#.######...#.......
#.@gg.##########...
#####.##### ##..
#.........######..#
#.........#........
#..#........
#.....†)..#........
#[........####.....
#.........###..#...
#......(..##..##.#.


You could see 2 gnolls.

Vanquished Creatures
  A black bear (D:3)
  A phantom (D:2)
  An iguana (D:3)
  5 adders
  A gnoll (D:3)
  A worm (D:2)
  2 dart slugs
  7 orcs
  10 endoplasms
  4 giant cockroaches
  4 goblins
  6 hobgoblins
  6 jackals
  2 quokkas
  4 ball pythons
  3 bats
  A frilled lizard (D:1)
  8 kobolds
  A rat (D:2)
68 creatures vanquished.

Vanquished Creatures (collateral kills)
  A hobgoblin (D:3)
1 creature vanquished.

Grand Total: 69 creatures vanquished

Notes
Turn   | Place    | Note
-------+----------+-------------------------------------------
     0 | D:1      | Lobster4 the Deep Elf Earth Elementalist began the quest
                  | for the Orb.
     0 | D:1      | Reached XP level 1. HP: 10/10 MP: 6/6
   189 | D:1      | Reached XP level 2. HP: 15/15 MP: 5/8
   944 | D:2      | Reached XP level 3. HP: 20/20 MP: 6/9
   948 | D:2      | Learned a level 3 spell: Stone Arrow
   978 | D:2      | Reached skill level 1 in Short Blades
   999 | D:2      | Identified the +8 chain mail "Alumiusiwk" {rCorr Int+7
                  | Dex+2 Slay-2}
  1119 | D:2      | Noticed a shining eye
  1124 | D:2      | Noticed a floating eye
  1232 | D:2      | Reached XP level 4. HP: 20/24 MP: 4/11
  1315 | D:2      | Found a faded altar of an unknown god.
  1319 | D:2      | Noticed a shining eye
  1319 | D:2      | Noticed a shining eye
  1793 | D:3      | Noticed a black bear
  1857 | D:3      | Noticed Sigmund
  1986 | D:3      | Noticed a phantom
  2150 | D:2      | Killed a phantom
  2151 | D:2      | Reached skill level 1 in Fighting
  2151 | D:2      | Reached skill level 1 in Armour
  2151 | D:2      | Reached skill level 1 in Conjurations
  2151 | D:2      | Reached XP level 5. HP: 7/29 MP: 8/12
  2503 | D:3      | Killed a black bear
  2504 | D:3      | Reached XP level 6. HP: 3/34 MP: 7/14
  3099 | D:3      | Slain by a gnoll

Illustrated notes

Levels and vault maps discovered:
D:1:      nzn_arrival_crosshair, layout_loops_ring
D:2:      layout_basic, hellmonk_ecumenical_altar_watching_god,
          nicolae_half_adder
D:3:      layout_rooms, kennysheep_minor_cross, uniq_sigmund
D:4:      layout_basic, good_gods_temple_1, uniq_robin

Skill      XL: |  1  2  3  4  5  6 |
---------------+-------------------+-----
Short Blades   | 1 2 |  2.0
Stealth        | 3 |  3.7
Fighting       | 1 |  1.3
Armour         | 1 |  1.5
Dodging        | 3 |  3.5
Conjurations   | 1 |  1.6
Transmutations | 2 |  2.0
Spellcasting   | 4 |  4.0
Earth Magic    | 4 |  4.0
Staves         | |  0.3

Action                     |  1- 3 |  4- 6 || total
---------------------------+-------+-------++-------
  Melee: Short sword       |     1 |     1 ||     2
   Cast: Sandblast         |    47 |    78 ||   125
    Use: Scroll            |       |     7 ||     7
 Armour: Robe              |     3 |    13 ||    16
  Dodge: Dodged            |    10 |    75 ||    85
